 Dungeon Sprint DCSS version 0.17-a0-1046-ga09e34d (webtiles) character file.

28 drasked the Covert (level 2, -19/13 HPs)
             Began as a Spriggan Enchanter on May 15, 2015.
             Demolished by an ogre
             ... wielding a +0 giant club
              (31 damage)
             ... in the Dungeon (Sprint I: "Red Sonja").
             The game lasted 00:00:52 (47 turns).

drasked the Covert (Spriggan Enchanter)               Turns: 47, Time: 00:00:52

Health: -19/13     AC:  3    Str:  4    XL:     2   Next: 96%
Magic:  6/6        EV: 18    Int: 16    God:
Gold:   0          SH:  0    Dex: 16    Spells: 2 memorised, 3 levels left

rFire  . . .     SeeInvis +     a - +1 dagger
rCold  . . .     Clarity  .     b - +1 robe
rNeg   . . .     SustAb   .     (shield restricted)
rPois  .         Gourm    .     (helmet restricted)
rElec  .         Spirit   .     (no cloak)
rCorr  .         Warding  .     (gloves unavailable)
rMut   .         NoTele   +     (boots unavailable)
MR     .....                    (no amulet)
Stlth  +++++.....               (no ring)
                                (no ring)

@: very quick, not resistant to hostile enchantments, quite stealthy
A: unfitting armour, see invisible, herbivore 3, speed 3, slow metabolism 2
a: no special abilities


You were in the Dungeon.
You were not hungry.

You visited 1 branch

Inventory:

Hand weapons
 a - a +1 dagger (weapon)
Armour
 b - a +1 robe (worn)
Scrolls
 j - a scroll of blinking {!r}
Potions
 e - a potion of curing
 f - a potion of heal wounds
 g - a potion of haste
 h - 2 potions of magic
Books
 c - a book of Maledictions
Comestibles
 d - a bread ration {@e1}


   Skills:
 + Level 3.7 Short Blades
 - Level 3.0 Dodging
 * Level 8.9 Stealth
 - Level 2.6 Spellcasting
 - Level 3.6 Hexes


You had 3 spell levels left.
You knew the following spells:

 Your Spells              Type           Power        Failure   Level  Hunger
a - Ensorcelled Hibernat  Hex/Ice        #.....       17%         2    ##.....
v - Corona                Hex            ##.....      6%          1    #......


Dungeon Overview and Level Annotations

Branches:
Dungeon (1/1)

Altars:


Innate Abilities, Weirdness & Mutations

You are tiny and cannot use many weapons and most armour.
You have supernaturally acute eyesight.
You are a herbivore.
You cover ground extremely quickly.
You need consume almost no food.


Message History

Welcome, drasked the Spriggan Enchanter.
Found a staircase leading out of the dungeon.
You open the door.
Ijyb the Twisted Goblin comes into view.
He is wielding a club.
Ijyb shouts!
There is an open door here.
Drink which item? (? for menu, Esc to quit)
Really quaff
i - a potion of berserk rage {!q}?
A red film seems to cover your vision as you go berserk!
You feel yourself moving faster!
You feel mighty! Ijyb closely misses you.
You now have 13/13 hp.
You hit Ijyb. You barely miss Ijyb. Ijyb hits you with a club.
You take 1 damage, and have 12/13 hp.
You puncture Ijyb! You barely miss Ijyb. Ijyb hits you with a club.
You take 1 damage, and have 11/13 hp.
You puncture Ijyb! You completely miss Ijyb. Ijyb barely misses you.
You barely miss Ijyb. You puncture Ijyb!
You kill Ijyb!
Your Short Blades skill gained 2 levels and is now at level 3!
Your Stealth skill gained 4 levels and is now at level 8!
You have reached level 2!
You regained 5 hp, and now have 16/19 hp.
MP restored: 6 You feel a strong urge to attack something.
You feel your anger subside.
You are no longer berserk.
You are exhausted.
You feel yourself slow down.
You now have 11/13 hp.
Things that are here:
a club; the goblin corpse of Ijyb You start resting.
You feel yourself speed up.
You start resting.
You feel less exhausted.
Memorise Ensorcelled Hibernation, consuming 2 spell levels and leaving 3?
You start memorising the spell.
You continue memorising.
You continue memorising.
You finish memorising.
Spell assigned to 'a'.
You open the door.
An ogre comes into view. It is wielding a giant club.
The ogre shouts!
There is an open door here.
The ogre hits you with a giant club!!
Ouch! That really hurt!
You die...

##########
#<.#..'@.#
#..').#.O+
#..#####+#
#..# #..#
#..# #⌠⌠#
####


You could see an ogre.

Vanquished Creatures
  Ijyb (D)
1 creature vanquished.

Notes
Turn   | Place    | Note
--------------------------------------------------------------
     0 | D        | drasked the Spriggan Enchanter began the quest for the Orb.
     0 | D        | Reached XP level 1. HP: 9/9 MP: 5/5
     2 | D        | Noticed Ijyb
    12 | D        | Killed Ijyb
    12 | D        | Reached skill level 3 in Short Blades
    12 | D        | Reached skill level 8 in Stealth
    12 | D        | Reached XP level 2. HP: 13/13 MP: 6/6
    45 | D        | Learned a level 2 spell: Ensorcelled Hibernation
    45 | D        | Noticed an ogre
    47 | D        | Demolished by an ogre

Vault maps used:
D:        dungeon_sprint_1

Action                   || total
-------------------------++-------
Melee: Dagger            ||     8
  Use: Potion            ||     1

Vault maps used:
D:        dungeon_sprint_1

Table legend:
 A = Turns spent in this place as a percentage of turns spent in the entire game.
 B = Non-inter-level travel turns spent in this place as a percentage of non-inter-level travel turns spent in the entire game.
 C = Inter-level travel turns spent in this place as a percentage of turns spent in this place.
 D = Turns resting spent in this place as a percentage of non-inter-level travel turns spent in this place.
 E = Turns spent auto-exploring this place as a percentage of non-inter-level travel turns spent in this place.
 F = Non-inter-level travel turns spent in this place divided by the number of levels of this place that you've seen.
                   A       B       C       D       E      F
               +-------+-------+-------+-------+-------+----------------------
         Total | 100.0 | 100.0 |   0.0 |  10.7 |   0.0 |  28.0
       Dungeon | 100.0 | 100.0 |   0.0 |  10.7 |   0.0 |  28.0
               +-------+-------+-------+-------+-------+----------------------

Table legend:
 A = Kills in this place as a percentage of kills in entire the game.
 B = Kills by you in this place as a percentage of kills by you in the entire game.
 C = Kills by friends in this place as a percentage of kills by friends in the entire game.
 D = Other kills in this place as a percentage of other kills in the entire game.
 E = Experience gained in this place as a percentage of experience gained in the entire game.
 F = Experience gained in this place divided by the number of levels of this place that you have seen.
                   A       B       C       D       E      F
               +-------+-------+-------+-------+-------+----------------------
         Total | 100.0 | 100.0 |  -nan |  -nan | 100.0 |  40.0
       Dungeon | 100.0 | 100.0 |  -nan |  -nan | 100.0 |  40.0
               +-------+-------+-------+-------+-------+----------------------
